 Dungeon Crawl Stone Soup version 0.25.1-2-g60ff931df9 (webtiles) character file.

Game seed: 11782044565414534981

13 Chiseanne the Magician (level 2, -1/19 HPs)
             Began as a Demonspawn Wizard on Oct 8, 2020.
             Slain by an adder (4 damage)
             ... on level 2 of the Dungeon.
             The game lasted 00:01:03 (1367 turns).

Chiseanne the Magician (Demonspawn Wizard)          Turns: 1367, Time: 00:01:04

Health: -1/19      AC:  2    Str:  7    XL:     2   Next: 24%
Magic:  6/6        EV: 12    Int: 19    God:
Gold:   62         SH:  0    Dex: 11    Spells: 6/7 levels left

rFire    + . .     SeeInvis .   j - +0 dagger
rCold    . . .     Gourm    .   (no shield)
rNeg     . . .     Faith    .   a - +0 robe
rPois    .         Spirit   .   b - +0 hat
rElec    .         Reflect  .   (no cloak)
rCorr    .         Harm     .   (no gloves)
MR       .....                  (no boots)
Stlth    ++........             m - amulet of regeneration
HPRegen  0.46/turn              (no ring)
MPRegen  0.10/turn              (no ring)

@: mighty, lethally poisoned (-1 -> -3), very slightly contaminated
A: fire resistance 1
a: no special abilities


You were on level 2 of the Dungeon.
You were not hungry.

You visited 1 branch of the dungeon, and saw 2 of its levels.

You collected 62 gold pieces.

Inventory:

Hand Weapons
 j - a +0 dagger (weapon)
Missiles
 f - 5 boomerangs (quivered)
 h - 34 bolts
 k - 20 sling bullets
Armour
 a - a +0 robe (worn)
 b - a +0 hat (worn)
Jewellery
 m - an amulet of regeneration (around neck)
Scrolls
 c - 2 scrolls of identify {unknown}
Potions
 i - a potion of curing {unknown}
 l - a potion of stabbing {unknown}
Comestibles
 d - 2 rations


   Skills:
 - Level 1.7 Dodging
 - Level 1.7 Stealth
 * Level 3.3 Spellcasting
 * Level 1.7 Conjurations
   Level 1.0 Summonings
   Level 0.8 Translocations


You had 6 spell levels left.
You knew the following spells:

 Your Spells              Type           Power        Failure   Level  Hunger
a - Magic Dart            Conj           #...         7%          1    None

Your spell library contained the following spells:

 Spells                   Type           Power        Failure   Level  Hunger
 Call Imp                 Summ           #.......     14%         2    ##.....
 Blink                    Tloc           N/A          16%         2    ##.....
 Slow                     Hex            #.......     22%         2    ##.....
 Conjure Flame            Conj/Fire      #.......     30%         3    ###....
 Mephitic Cloud           Conj/Pois/Air  #.......     34%         3    ###....


Dungeon Overview and Level Annotations

Branches:
Dungeon (2/15)

Altars:


Innate Abilities, Weirdness & Mutations

Your flesh is heat resistant. (rF+)


Message History

The adder is almost dead.
You feel sick. The adder closely misses you.
Casting: Magic Dart (safe; 7% risk of failure)
Confirm with . or Enter, or press ? or * to list all spells.
You don't have enough magic to cast that spell.
Casting: Magic Dart (safe; 7% risk of failure)
Confirm with . or Enter, or press ? or * to list all spells.
You don't have enough magic to cast that spell.
Casting: Magic Dart (safe; 7% risk of failure)
Confirm with . or Enter, or press ? or * to list all spells.
You don't have enough magic to cast that spell.
Casting: Magic Dart (safe; 7% risk of failure)
Confirm with . or Enter, or press ? or * to list all spells.
You don't have enough magic to cast that spell.
It was a potion of magic.
Magic courses through your body.
You feel sick. The adder bites you but does no damage.
It was a potion of might.
You feel very mighty all of a sudden.
You feel sick. The adder barely misses you. The adder bites you.
You die...

#.....#...#..............#
#...........####....#.##.#
###.........#.......#.# .#
#.........#.......#.# ..
#.........#.#.......# ###
#........##.......###
#........####.##.....
#####.........##....#
#.#......@S.....#
.......#..##.#.#.#
#........#...# #
#........##..#
#........##..#
.......<##### ........#


You could see an adder.

Vanquished Creatures
  A dart slug (D:1)
  A leopard gecko (D:1)
  2 giant cockroaches
  A hobgoblin (D:2)
  A quokka (D:2)
  2 bats
  A frilled lizard (D:1)
9 creatures vanquished.

Notes
Turn   | Place    | Note
-------+----------+-------------------------------------------
     0 | D:1      | Chiseanne the Demonspawn Wizard began the quest for the
                  | Orb.
     0 | D:1      | Reached XP level 1. HP: 13/13 MP: 4/4
   908 | D:2      | Gained mutation: Your flesh is heat resistant. (rF+)
                  | [demonic ancestry]
   908 | D:2      | Reached XP level 2. HP: 19/19 MP: 1/6
  1367 | D:2      | Slain by an adder

Illustrated notes

Levels and vault maps discovered:
D:1:      moated_graveyard_arrival, layout_basic
D:2:      minmay_door_path, layout_basic, first_ration, grunt_ministairs_14,
          chequers_mini_garden

Action                   || total
-------------------------++-------
Melee: Unarmed           ||    14
       Dagger            ||    13
 Cast: Magic Dart        ||    29
  Use: Potion            ||     2
  Eat: Chunk             ||     1
Armor: Robe              ||     9
Dodge: Dodged            ||    21
